TOP OF THE 1ST |
Colorado Rockies batting - Pitching for Arizona Diamondbacks : RHP Art Nobles
|
Pitching: RHP Art Nobles
|
|
Batting: RHB Joel Haycock
|
0-0: Called Strike 0-1: Ball 1-1: Foul Ball, location: 2F 1-2: Foul Ball, location: 2F 1-2: DOUBLE (Groundball, 5L, EV 102.5 MPH)
|
Batting: RHB Roberto Rodriguez
|
0-0: Swinging Strike 0-1: Ball 1-1: Called Strike 1-2: Ball 2-2: Ball 3-2: Fly out, F9 (Flyball, 89D, EV 106.3 MPH)
|
Batting: LHB Fabiano Perrolas
|
0-0: Ball 1-0: Ball 2-0: Fly out, F8 (Flyball, 8LM, EV 73.8 MPH)
|
Batting: SHB Chris Blue
|
0-0: Ball 1-0: 2-RUN HOME RUN (Flyball, 9D, EV 107.5 MPH), Distance : 400 ft
|
Batting: LHB Robert Watson
|
0-0: Called Strike 0-1: Ball 1-1: SINGLE (Flyball, 78S, EV 90.6 MPH)
|
Batting: RHB Rico Coss
|
0-0: Called Strike 0-1: Fielders Choice at 2nd, 5-4 (Groundball, 56, EV 91.3 MPH)
|
Top of the 1st over - 2 runs, 3 hits, 0 errors, 1 left on base; Colorado 2 - Arizona 0 |
BOTTOM OF THE 1ST |
Arizona Diamondbacks batting - Pitching for Colorado Rockies : RHP Jaden Mackey
|
Pitching: RHP Jaden Mackey
|
|
Batting: LHB Roy Steigerwald
|
0-0: DOUBLE (Line Drive, 7LD, EV 107.5 MPH)
|
Batting: RHB David Price Jr.
|
0-0: Ground out 6-3 (Groundball, 6, EV 90.0 MPH) Roy Steigerwald to third
|
Batting: LHB Eric Klasek
|
0-0: DOUBLE (Groundball, 3L, EV 100.6 MPH) Roy Steigerwald scores
|
Batting: SHB Alec Thorpe
|
0-0: Called Strike 0-1: DOUBLE (Groundball, 5L, EV 99.4 MPH) Eric Klasek scores
|
Batting: LHB Danny Dunham
|
0-0: Fly out, F7 (Line Drive, 7D, EV 91.9 MPH)
|
Batting: SHB Perry Tuckfard
|
0-0: Ball 1-0: Ball 2-0: Ground out 4-3 (Groundball, 4M, EV 109.4 MPH)
|
Bottom of the 1st over - 2 runs, 3 hits, 0 errors, 1 left on base; Colorado 2 - Arizona 2 |
TOP OF THE 2ND |
Colorado Rockies batting - Pitching for Arizona Diamondbacks : RHP Art Nobles
|
Batting: RHB Leo Mair
|
0-0: Ball 1-0: Swinging Strike 1-1: Swinging Strike 1-2: DOUBLE (Groundball, 3L, EV 110.0 MPH)
|
Batting: RHB Chad Thompson
|
0-0: SINGLE (Groundball, 56D, EV 100.0 MPH) Leo Mair to third
|
Batting: RHB Dennis Daniels
|
0-0: Called Strike 0-1: Fly out, F9 (Line Drive, 9S, EV 102.5 MPH)
|
Batting: RHB Joel Haycock
|
0-0: Called Strike 0-1: Ball 1-1: Foul Ball, location: 2F 1-2: Foul Ball, location: 2F 1-2: Ball 2-2: Fly out, F8 (Flyball, 89S, EV 87.5 MPH) Runner from 3rd tags up, SCORES, throw by CF
|
Batting: RHB Roberto Rodriguez
|
0-0: Ball 1-0: Ball 2-0: Ball 3-0: Called Strike 3-1: Fielders Choice at 2nd, 6-4 (Groundball, 56, EV 87.5 MPH)
|
Top of the 2nd over - 1 run, 2 hits, 0 errors, 1 left on base; Colorado 3 - Arizona 2 |
BOTTOM OF THE 2ND |
Arizona Diamondbacks batting - Pitching for Colorado Rockies : RHP Jaden Mackey
|
Batting: LHB Kyle Beaulieu
|
0-0: Called Strike 0-1: Called Strike 0-2: Foul Ball, location: 2F 0-2: Strikes out swinging
|
Batting: RHB Shiro Suehiro
|
0-0: Foul Ball, location: 2F 0-1: Ball 1-1: Foul Ball, location: 2F 1-2: Strikes out swinging
|
Batting: RHB Fabrice Bertin
|
0-0: Called Strike 0-1: Reached on error, E5 (Groundball, 56S, EV 82.5 MPH)
|
Batting: LHB Roy Steigerwald
|
0-0: Called Strike 0-1: Ball 1-1: Swinging Strike 1-2: Ball 2-2: Ground out 1-3 (Groundball, P, EV 68.8 MPH)
|
Bottom of the 2nd over - 0 runs, 0 hits, 1 error, 1 left on base; Colorado 3 - Arizona 2 |
TOP OF THE 3RD |
Colorado Rockies batting - Pitching for Arizona Diamondbacks : RHP Art Nobles
|
Batting: LHB Fabiano Perrolas
|
0-0: Called Strike 0-1: Fly out, F5 (Popup, 5F, EV 62.5 MPH)
|
Batting: SHB Chris Blue
|
0-0: Ball 1-0: DOUBLE (Line Drive, 7LM, EV 92.5 MPH)
|
Batting: LHB Robert Watson
|
0-0: Ground out 4-3 (Groundball, 4, EV 83.8 MPH) Chris Blue to third
|
Batting: RHB Rico Coss
|
0-0: Ground out 6-3 (Groundball, 6, EV 76.3 MPH)
|
Top of the 3rd over - 0 runs, 1 hit, 0 errors, 1 left on base; Colorado 3 - Arizona 2 |
BOTTOM OF THE 3RD |
Arizona Diamondbacks batting - Pitching for Colorado Rockies : RHP Jaden Mackey
|
Pitching: LHP Dave Burridge
|
|
Batting: RHB David Price Jr.
|
0-0: Called Strike 0-1: Ball 1-1: Ground out 4-3 (Groundball, 4, EV 103.8 MPH)
|
Batting: LHB Eric Klasek
|
0-0: DOUBLE (Line Drive, 89XD, EV 96.9 MPH)
|
Batting: SHB Alec Thorpe
|
0-0: Foul Ball, location: 2F 0-1: Called Strike 0-2: Strikes out swinging
|
Batting: LHB Danny Dunham
|
0-0: 2-RUN HOME RUN (Flyball, 89XD, EV 96.9 MPH), Distance : 402 ft
|
Batting: SHB Perry Tuckfard
|
0-0: DOUBLE (Flyball, 8LXD, EV 97.5 MPH)
|
Batting: LHB Kyle Beaulieu
|
0-0: Called Strike 0-1: Swinging Strike 0-2: Ground out 5-3 (Groundball, 56S, EV 86.9 MPH)
|
Bottom of the 3rd over - 2 runs, 3 hits, 0 errors, 1 left on base; Colorado 3 - Arizona 4 |
TOP OF THE 4TH |
Colorado Rockies batting - Pitching for Arizona Diamondbacks : RHP Art Nobles
|
Batting: RHB Leo Mair
|
0-0: Swinging Strike 0-1: Swinging Strike 0-2: Ground out 3-1 (Groundball, 34, EV 88.8 MPH)
|
Batting: RHB Chad Thompson
|
0-0: Ball 1-0: Ball 2-0: Called Strike 2-1: SINGLE (Groundball, 5S, EV 71.9 MPH) (infield hit)
|
Batting: RHB Dennis Daniels
|
0-0: Called Strike 0-1: Ball 1-1: Foul Ball, location: 2F 1-2: Foul Ball, location: 2F 1-2: Grounds into double play, 4-6-3 (Groundball, 4, EV 83.1 MPH)
|
Top of the 4th over - 0 runs, 1 hit, 0 errors, 0 left on base; Colorado 3 - Arizona 4 |
BOTTOM OF THE 4TH |
Arizona Diamondbacks batting - Pitching for Colorado Rockies : LHP Dave Burridge
|
Batting: RHB Shiro Suehiro
|
0-0: Called Strike 0-1: Foul Ball, location: 2F 0-2: Foul Ball, location: 2F 0-2: Ball 1-2: Foul Ball, location: 2F 1-2: Foul Ball, location: 2F 1-2: Ball 2-2: Ball 3-2: Fly out, F7 (Flyball, 7S, EV 93.8 MPH)
|
Batting: RHB Fabrice Bertin
|
0-0: Swinging Strike 0-1: Ball 1-1: Foul Ball, location: 2F 1-2: Ball 2-2: Strikes out swinging
|
Batting: LHB Roy Steigerwald
|
0-0: Foul Ball, location: 2F 0-1: Called Strike 0-2: Strikes out swinging
|
Bottom of the 4th over - 0 runs, 0 hits, 0 errors, 0 left on base; Colorado 3 - Arizona 4 |
TOP OF THE 5TH |
Colorado Rockies batting - Pitching for Arizona Diamondbacks : RHP Art Nobles
|
Batting: RHB Joel Haycock
|
0-0: Ball 1-0: Foul Ball, location: 2F 1-1: Ball 2-1: Swinging Strike 2-2: Strikes out looking
|
Batting: RHB Roberto Rodriguez
|
0-0: Ball 1-0: SINGLE (Groundball, 56, EV 109.4 MPH)
|
Batting: LHB Fabiano Perrolas
|
0-0: Called Strike 0-1: Ball 1-1: DOUBLE (Flyball, 78XD, EV 91.9 MPH) Roberto Rodriguez to third
|
Batting: SHB Chris Blue
|
0-0: Swinging Strike 0-1: Foul Ball, location: 2F 0-2: Strikes out swinging
|
Batting: LHB Robert Watson
|
0-0: Ball 1-0: Foul Ball, location: 2F 1-1: Called Strike 1-2: Ball 2-2: Ball 3-2: DOUBLE (Flyball, 8LXD, EV 94.4 MPH) Roberto Rodriguez scores Fabiano Perrolas scores
|
Pitching: LHP Mario Valdivia
|
|
Batting: RHB Rico Coss
|
0-0: Ball 1-0: Ball 2-0: Called Strike 2-1: Foul Ball, location: 2F 2-2: Foul Ball, location: 2F 2-2: Strikes out swinging
|
Top of the 5th over - 2 runs, 3 hits, 0 errors, 1 left on base; Colorado 5 - Arizona 4 |
BOTTOM OF THE 5TH |
Arizona Diamondbacks batting - Pitching for Colorado Rockies : LHP Dave Burridge
|
Batting: RHB David Price Jr.
|
0-0: Called Strike 0-1: Foul Ball, location: 2F 0-2: Ball 1-2: Foul Ball, location: 2F 1-2: Fly out, F7 (Line Drive, 7, EV 91.3 MPH)
|
Pinch Hitting: SHB Valentin Laporte
|
0-0: Ground out U3 (Groundball, 34, EV 105.6 MPH)
|
Batting: SHB Alec Thorpe
|
0-0: Called Strike 0-1: Ball 1-1: Foul Ball, location: 2F 1-2: SINGLE (Flyball, 8LS, EV 95.0 MPH)
|
Pitching: LHP Ryan Fulford
|
|
Batting: LHB Danny Dunham
|
0-0: Ball Alec Thorpe is caught stealing 2nd base 2-6
|
Bottom of the 5th over - 0 runs, 1 hit, 0 errors, 0 left on base; Colorado 5 - Arizona 4 |
TOP OF THE 6TH |
Colorado Rockies batting - Pitching for Arizona Diamondbacks : LHP Mario Valdivia
|
Now in LF: Troy McClure
|
|
Batting: RHB Leo Mair
|
0-0: Ball 1-0: Ball 2-0: Ball 3-0: Called Strike 3-1: Base on Balls
|
Batting: RHB Chad Thompson
|
0-0: Called Strike 0-1: Ball 1-1: Ball 2-1: Ball 3-1: Base on Balls Leo Mair to second
|
Batting: RHB Dennis Daniels
|
0-0: Called Strike 0-1: Called Strike 0-2: Ball 1-2: Strikes out swinging
|
Batting: RHB Joel Haycock
|
0-0: Swinging Strike 0-1: Called Strike 0-2: Ball 1-2: Ball 2-2: Strikes out swinging
|
Pitching: RHP Gerardo Camacho
|
|
Batting: RHB Roberto Rodriguez
|
0-0: Ball 1-0: Ball 2-0: Called Strike 2-1: Ball 3-1: Base on Balls Leo Mair to third Chad Thompson to second
|
Batting: LHB Fabiano Perrolas
|
0-0: Ball 1-0: Swinging Strike 1-1: Swinging Strike 1-2: Foul Ball, location: 2F 1-2: Ball 2-2: Foul Ball, location: 2F 2-2: Strikes out swinging
|
Top of the 6th over - 0 runs, 0 hits, 0 errors, 3 left on base; Colorado 5 - Arizona 4 |
BOTTOM OF THE 6TH |
Arizona Diamondbacks batting - Pitching for Colorado Rockies : LHP Ryan Fulford
|
Pinch Hitting: RHB Blake Ballard
|
0-0: Called Strike 0-1: Ball 1-1: Called Strike 1-2: Strikes out swinging
|
Batting: SHB Perry Tuckfard
|
0-0: DOUBLE (Flyball, 89D, EV 107.5 MPH)
|
Batting: LHB Kyle Beaulieu
|
0-0: Called Strike 0-1: Foul Ball, location: 2F 0-2: Ball 1-2: Ball 2-2: Ball 3-2: Foul Ball, location: 2F 3-2: Fly out, F7 (Flyball, 7, EV 96.3 MPH)
|
Batting: RHB Shiro Suehiro
|
0-0: Ball 1-0: Foul Ball, location: 2F 1-1: Called Strike 1-2: Strikes out swinging
|
Bottom of the 6th over - 0 runs, 1 hit, 0 errors, 1 left on base; Colorado 5 - Arizona 4 |
TOP OF THE 7TH |
Colorado Rockies batting - Pitching for Arizona Diamondbacks : RHP Gerardo Camacho
|
Pitching: RHP Larry Mathieu
|
|
Now at 1B: Fabrice Bertin
|
|
Now in RF: Blake Ballard
|
|
Batting: SHB Chris Blue
|
0-0: Called Strike 0-1: Foul Ball, location: 2F 0-2: Strikes out swinging, 2-3 out at first.
|
Batting: LHB Robert Watson
|
0-0: Foul Ball, location: 2F 0-1: Ball 1-1: Swinging Strike 1-2: Ball 2-2: Strikes out swinging
|
Batting: RHB Rico Coss
|
0-0: Called Strike 0-1: Fly out, F6 (Popup, 6M, EV 50.6 MPH)
|
Top of the 7th over - 0 runs, 0 hits, 0 errors, 0 left on base; Colorado 5 - Arizona 4 |
BOTTOM OF THE 7TH |
Arizona Diamondbacks batting - Pitching for Colorado Rockies : LHP Ryan Fulford
|
Pitching: RHP Gabe Baxter
|
|
Batting: RHB Fabrice Bertin
|
0-0: Called Strike 0-1: Foul Ball, location: 2F 0-2: SINGLE (Groundball, 13S, EV 73.1 MPH) (infield hit)
|
Batting: LHB Roy Steigerwald
|
0-0: Ball 1-0: Called Strike 1-1: Ball 2-1: Called Strike 2-2: Ball 3-2: Base on Balls Fabrice Bertin to second
|
Batting: RHB David Price Jr.
|
0-0: Ball 1-0: Ground out 4-3 (Groundball, 4S, EV 66.3 MPH) Fabrice Bertin to third Roy Steigerwald to second
|
Batting: SHB Troy McClure
|
0-0: Ball 1-0: Ball 2-0: Reached on error, E6 (Groundball, 6, EV 111.3 MPH) Fabrice Bertin scores Roy Steigerwald to third
|
Batting: SHB Alec Thorpe
|
0-0: SINGLE (Line Drive, 5D, EV 98.1 MPH) Roy Steigerwald scores Troy McClure to second
|
Batting: RHB Blake Ballard
|
0-0: Ball 1-0: Ball 2-0: Fielders Choice at 2nd, 6-4 (Groundball, 6M, EV 101.3 MPH) Troy McClure to third
|
Batting: SHB Perry Tuckfard
|
0-0: Called Strike 0-1: Foul Ball, location: 2F 0-2: Ball 1-2: Ball 2-2: Foul Ball, location: 2F 2-2: Foul Ball, location: 2F 2-2: Ball 3-2: Strikes out swinging
|
Bottom of the 7th over - 2 runs, 2 hits, 1 error, 2 left on base; Colorado 5 - Arizona 6 |
TOP OF THE 8TH |
Colorado Rockies batting - Pitching for Arizona Diamondbacks : RHP Larry Mathieu
|
Pitching: RHP André Gaillard
|
|
Batting: RHB Leo Mair
|
0-0: Ball 1-0: Ball 2-0: Ground out 4-3 (Groundball, 4, EV 82.5 MPH)
|
Batting: RHB Chad Thompson
|
0-0: Called Strike 0-1: Ball 1-1: Swinging Strike 1-2: Foul Ball, location: 2F 1-2: Foul Ball, location: 2F 1-2: Ball 2-2: Strikes out swinging
|
Batting: RHB Dennis Daniels
|
0-0: Fly out, F9 (Flyball, 9S, EV 91.3 MPH)
|
Top of the 8th over - 0 runs, 0 hits, 0 errors, 0 left on base; Colorado 5 - Arizona 6 |
BOTTOM OF THE 8TH |
Arizona Diamondbacks batting - Pitching for Colorado Rockies : RHP Gabe Baxter
|
Pitching: RHP Mike Mik
|
|
Batting: LHB Kyle Beaulieu
|
0-0: Ball 1-0: SINGLE (Groundball, 13, EV 90.0 MPH) (infield hit)
|
Batting: RHB Shiro Suehiro
|
0-0: Ball Kyle Beaulieu steals 2nd base (no throw) 1-0: Ball 2-0: Foul Ball, location: 2F 2-1: Ball 3-1: Base on Balls
|
Batting: RHB Fabrice Bertin
|
0-0: Foul Ball, location: 2F 0-1: Ball 1-1: Swinging Strike 1-2: Foul Ball, location: 2F 1-2: Grounds into double play, 6-4-3 (Groundball, 6, EV 103.8 MPH) Kyle Beaulieu to third
|
Batting: LHB Roy Steigerwald
|
0-0: Fly out, F8 (Flyball, 89D, EV 104.4 MPH)
|
Bottom of the 8th over - 0 runs, 1 hit, 0 errors, 1 left on base; Colorado 5 - Arizona 6 |
TOP OF THE 9TH |
Colorado Rockies batting - Pitching for Arizona Diamondbacks : RHP André Gaillard
|
Pitching: RHP Andrew Coker
|
|
Batting: RHB Joel Haycock
|
0-0: Swinging Strike 0-1: Called Strike 0-2: Strikes out swinging
|
Pinch Hitting: LHB Jose Robles
|
0-0: Ball 1-0: Ball 2-0: Ground out 4-3 (Groundball, 4, EV 90.0 MPH)
|
Batting: LHB Fabiano Perrolas
|
0-0: Ball 1-0: Foul Ball, location: 2F 1-1: Foul Ball, location: 2F 1-2: Ball 2-2: Strikes out swinging
|
Top of the 9th over - 0 runs, 0 hits, 0 errors, 0 left on base; Colorado 5 - Arizona 6 |
|